cohdb
Replays
Latest Replays
All Replays
Popular Replays
Top Player Replays
Match Explorer
How It Works
Community
CoH3 Stats
Reddit
Sign in to upload your games and track your stats! →
Sign in with Steam
1v1 Learning
Match 19653744
Overview
Messages
Build Orders
End
Construct Barracks
Engineer Squad
Selects Armored Battlegroup
Selects Veteran Crews
Riflemen Squad
Riflemen Squad
M1 Mortar Team
Infantry Support Center
Riflemen Squad
Construct Motor Pool
Selects M31 Recovery Vehicle
Selects Fast Deploy
M8 Greyhound Armored Car
M8 Greyhound Armored Car
Selects War Machine
M8 Greyhound Armored Car
Selects Seek and Destroy
Riflemen Squad
M1918 Browning Automatic Rifles
Grenade Package
M8 Greyhound Armored Car
Construct Medical Station
Construct Tank Depot
Selects UNKNOWN (2160077)
Riflemen Squad
Riflemen Squad
M4A3E8 Sherman Easy Eight
M1 Mortar Team
Scout Squad
M4A3E8 Sherman Easy Eight
AI Takeover
桐藤 ナギサ
Tomakaze
0
0
Comments
sign in to comment!
No comments posted yet!